 Dungeon Crawl Stone Soup version 0.31.0-32-g396128a36d (webtiles) character file.

Game seed: 14441673736683480023

16 belegose the Firebug (level 2, -7/15 HPs)
             Began as a Deep Elf Fire Elementalist on Apr 25, 2024.
             Mangled by a sleepcap (17 damage)
             ... on level 2 of the Dungeon.
             The game lasted 00:02:48 (1181 turns).

belegose the Firebug (Deep Elf Fire Elementalist)   Turns: 1181, Time: 00:02:50

Health: -7/15      AC:  7    Str:  5    XL:     2   Next: 37%
Magic:  14/17      EV:  2    Int: 19    God:
Gold:   86         SH:  0    Dex: 15    Spells: 7/8 levels left

rFire   + . .        h - staff of fire
rCold   . . .        (no shield)
rNeg    . . .        a - +0 robe
rPois   .            (no helmet)
rElec   .            (no cloak)
rCorr   .            i - +0 pair of gloves
SInv    .            (no boots)
Will    .....        (no amulet)
Stlth   ++           e - +4 ring of protection
HPRegen 0.22/turn    k - ring of magical power
MPRegen 0.15/turn

%: no passive effects
@: sleeping
A: no striking features
a: no special abilities


You were on level 2 of the Dungeon.
You visited 1 branch of the dungeon, and saw 2 of its levels.

You collected 86 gold pieces.

Inventory:

Missiles
 c - 3 stones
 g - 5 poisoned darts
Armour
 a - a +0 robe (worn)
 i - a +0 pair of gloves (worn)
Magical Staves
 h - a staff of fire (weapon)
Jewellery
 e - a +4 ring of protection (left hand)
 k - a ring of magical power (right hand)
Potions
 b - a potion of magic
 d - a potion of mutation {unknown}
 f - 2 potions of curing {unknown}
 j - 3 potions of might {unknown}


   Skills:
 - Level 2.4 Dodging
 - Level 2.4 Stealth
 + Level 3.5 Spellcasting
 + Level 1.8 Conjurations
 + Level 3.6 Fire Magic


You had 7 spell levels left.
You knew the following spells:

 Your Spells              Type           Power      Damage    Failure   Level
a - Foxfire               Conj/Fire      80%        2x1d8     4%          1

Your spell library contained the following spells:

 Spells                   Type           Power      Damage    Failure   Level
 Scorch                   Fire           50%        2d7       4%          2
 Inner Flame              Hex/Fire       15%        N/A       21%         3
 Volatile Blastmotes      Fire/Tloc      30%        2d12      21%         3
 Flame Wave               Conj/Fire      20%        2d7       43%         4


Dungeon Overview and Level Annotations

Branches:
Dungeon (2/15)

Altars:


Message History

You climb upwards.
There is a stone staircase leading down here.
Unknown command.
There is a stone staircase leading down here.
You climb downwards.
There is a stone staircase leading up here.
You climb upwards.
There is a stone staircase leading down here.
Unknown command.
There is a stone staircase leading down here.
You climb downwards.
Found a cabochon ring.
There is a stone staircase leading up here.
Casting: Foxfire (safe; 4% risk of failure)
Confirm with . or Enter, or press ? or * to list all spells.
You feel a surge of power!
You conjure some foxfire!
The foxfire hits the sleepcap.
The sleepcap is lightly damaged.
Casting: Foxfire (safe; 4% risk of failure)
Confirm with . or Enter, or press ? or * to list all spells.
You feel a surge of power!
You conjure some foxfire!
The foxfire hits the sleepcap.
The sleepcap is moderately damaged.
The foxfire hits the bat!
You kill the bat!
Casting: Foxfire (safe; 4% risk of failure)
Confirm with . or Enter, or press ? or * to list all spells.
You feel a surge of power!
You conjure some foxfire!
The foxfire hits the sleepcap.
The sleepcap is heavily damaged.
The sleepcap releases spores at you.
You are engulfed in a cloud of soporific spores!
You fall asleep.
The foxfire hits the sleepcap but does no damage.
The sleepcap is heavily damaged.
The foxfire hits the sleepcap.
The sleepcap is heavily damaged.
The sleepcap releases spores at you!
Ouch! That really hurt!
You die...

#.# #.# #.# #.#
#<# ####### ##.
######.....#....
#....8...8..#
#.#....§....##
#..8...@...8.#
#.#...†f....##
+..8...8.....
#.......#####
#....#### #..=S
#.... #....


You could see a sleepcap and a ball python (asleep).

Vanquished Creatures
  A bat (D:2)
  2 endoplasms (D:1)
  A giant cockroach (D:1)
  A goblin (D:1)
  2 quokkas (D:1)
  7 frilled lizards (D:1)
  2 rats (D:1)
16 creatures vanquished.

Vanquished Creatures (others)
  37 foxfires
37 creatures vanquished.

Grand Total: 53 creatures vanquished

Notes
Turn   | Place    | Note
-------+----------+-------------------------------------------
     0 | D:1      | belegose the Deep Elf Fire Elementalist began the quest for
                  | the Orb.
     0 | D:1      | Reached XP level 1. HP: 10/10 MP: 6/6
   355 | D:1      | Reached XP level 2. HP: 15/15 MP: 4/8
  1181 | D:2      | Mangled by a sleepcap

Illustrated notes

Levels and vault maps discovered:
D:1:      lemuel_arrival_behind_the_door_large, layout_basic, minmay_lizard_pond
D:2:      layout_basic, grunt_ministairs_2

Action                     || total
---------------------------++-------
  Melee: Club              ||     4
         Staff             ||     4
         Punch             ||     1
   Cast: Foxfire           ||    20
   Stab: Sleeping          ||     1
 Armour: Robe              ||     5
  Dodge: Dodged            ||    14
